 Dungeon Crawl Stone Soup version 0.24-a0-458-gfcb5e6da0e (webtiles) character file.

Game seed: 11597125735251216010

404 wilfster70 the Slasher (level 6, -4/48 HPs)
             Began as a Demonspawn Chaos Knight on June 27, 2019.
             Was a Plaything of Xom.
             Slain by an ogre
             ... wielding a cursed -3 giant spiked club
              (34 damage)
             ... on level 4 of the Dungeon.
             The game lasted 00:08:57 (3980 turns).

wilfster70 the Slasher (Demonspawn Chaos Knight)    Turns: 3980, Time: 00:08:58

Health: -4/48      AC: 11    Str: 14    XL:     6   Next: 56%
Magic:  0/6        EV:  4    Int: 14    God:    Xom [...*..]
Gold:   99         SH:  8    Dex: 12    Spells: 5/5 levels left

rFire    + . .     SeeInvis .   a - +0 falchion (chaos)
rCold    + . .     Gourm    .   e - +0 shield
rNeg     . . .     Faith    .   f - +0 chain mail
rPois    .         Spirit   +   (no helmet)
rElec    .         Reflect  .   g - scarf {rC+ rF+}
rCorr    .         Harm     .   b - +1 pair of gloves
MR       .....                  (no boots)
Stlth    ..........             (no amulet)
HPRegen  0.16/turn              (no ring)
MPRegen  0.10/turn              (no ring)

@: no status effects
A: magic shield
a: Renounce Religion


You were on level 4 of the Dungeon.
You worshipped Xom.
You were a favourite toy of Xom.
You were hungry.

You visited 1 branch of the dungeon, and saw 4 of its levels.

You collected 151 gold pieces.
You spent 52 gold pieces at shops.

Inventory:

Hand Weapons
 a - a +0 falchion of chaos (weapon)
 m - a +6 flail
Armour
 b - a +1 pair of gloves (worn)
 e - a +0 shield (worn)
 f - a +0 chain mail (worn)
 g - a scarf of resistance (worn)
 n - a +0 large shield
Wands
 k - a wand of flame (23)
Scrolls
 d - a scroll of identify
 h - 2 scrolls of teleportation
Potions
 i - 3 potions of curing
 j - a potion of flight
 l - a potion of haste
 o - 2 potions of might
Comestibles
 c - 3 rations


   Skills:
 + Level 4.0 Fighting
 * Level 4.6 Long Blades
 + Level 3.0 Armour
 + Level 2.5 Dodging
 + Level 2.0 Shields


You had 5 spell levels left.
You didn't know any spells.
Your spell library contained the following spells:

 Spells                   Type           Power        Failure   Level  Hunger
 Beastly Appendage        Tmut           #.....       100%        1    ##.....
 Sticks to Snakes         Tmut           #.......     100%        2    ###....
 Spider Form              Tmut/Pois      #.........   100%        3    ####...
 Ice Form                 Ice/Tmut       #.......     100%        4    #####..
 Blade Hands              Tmut           #.........   100%        5    ######.


Dungeon Overview and Level Annotations

Branches:
Dungeon (4/15)
 Temple: D:4-7

Altars:
Xom

Shops:
D:4 *

Annotations:
D:4 3 runed translucent doors, KristoblXynda's ghost, amateur DrGl


Innate Abilities, Weirdness & Mutations

When hurt, damage is shared between your health and your magic reserves.


Message History

The jackal bites you but does no damage.
The jackal barely misses you.
You closely miss the jackal.
The jackal is almost dead.
The jackal bites you but does no damage.
You closely miss the jackal.
The jackal is severely wounded.
The jackal bites you but does no damage.
The jackal barely misses you.
You riposte.
You barely miss the jackal.
The jackal is severely wounded.
You closely miss the jackal.
The jackal is severely wounded.
You block the jackal's attack.
You hit the jackal.
You kill the jackal!
You closely miss something. Something hits you!!
You slash something! Something hits you but does no damage.
You hit something but do no damage. Something hits you!!!
Ouch! That really hurt!
You die...

.. #.#..#####.# #. >.. ####
#..#....##∩# #. .... .)#
##.####.##.###. ..... #.### #.#
#.##..### ......##...###.#
#...##### #.O........## ########.
######.##...####...###.
#########{###...##....###.
#.......#@# #.###..#..##..
#......<#.# #..#..##..#...
########.........###..#..###....#
#...##...##.###.###...#..###....#
..........#.###.###...#..####...#
.........................########
............##.####.....##....#..
............##.# #....##......
............##.# ##.......#.#


There were no monsters in sight!

Vanquished Creatures
  A scorpion (D:3)
  An orc priest (D:4)
  A hound (D:3)
  Natasha (twice) (D:2)
  An orc wizard (D:3)
  4 worker ants (D:4)
  3 adders
  An ooze (D:3)
  A worm (D:3)
  A dart slug (D:4)
  5 leopard geckos
  6 orcs
  2 ball pythons
  3 giant cockroaches
  4 goblins
  9 hobgoblins
  16 jackals
  2 quokkas
  6 bats
  5 frilled lizards
  6 kobolds
  8 rats
88 creatures vanquished.

Notes
Turn   | Place    | Note
-------+----------+-------------------------------------------
     0 | D:1      | wilfster70 the Demonspawn Chaos Knight began the quest for
                  | the Orb.
     0 | D:1      | Reached XP level 1. HP: 18/18 MP: 1/1
    10 | D:1      | Reached skill level 1 in Dodging
   138 | D:1      | XOM: harmless Tmut miscast
   145 | D:1      | Gained mutation: When hurt, damage is shared between your
                  | health and your magic reserves. [demonic ancestry]
   145 | D:1      | Reached XP level 2. HP: 24/24 MP: 2/2
   537 | D:1      | XOM: confuse monster(s)
   634 | D:1      | XOM: harmless Summ miscast
   912 | D:1      | Reached XP level 3. HP: 24/29 MP: 3/3
  1052 | D:1      | HP: 1/29 [poisoned by an adder]
  1142 | D:1      | XOM: harmless Chrm miscast
  1516 | D:2      | Noticed Natasha
  1524 | D:2      | XOM: enchant monster (good)
  1534 | D:2      | Killed Natasha
  1534 | D:2      | Reached XP level 4. HP: 25/35 MP: 1/4
  1545 | D:2      | Reached skill level 1 in Shields
  1650 | D:2      | Noticed Natasha
  1678 | D:2      | Killed Natasha
  1702 | D:2      | XOM: mild Tmut miscast
  1793 | D:2      | XOM: harmless Tmut miscast
  1891 | D:2      | Found a faded altar of an unknown god.
  2021 | D:3      | Reached XP level 5. HP: 25/41 MP: 3/5
  2612 | D:3      | XOM: god gift: scroll labeled MAUZEOV PIPO {god gift}
  2781 | D:3      | Reached XP level 6. HP: 48/48 MP: 6/6
  3208 | D:4      | Found a runed translucent gate.
  3209 | D:4      | Noticed KristoblXynda's ghost (amateur DrGl)
  3215 | D:4      | Found a shimmering altar of Xom.
  3215 | D:4      | Found a shimmering altar of Xom.
  3215 | D:4      | Found a shimmering altar of Xom.
  3216 | D:4      | Found a shimmering altar of Xom.
  3320 | D:4      | Found Ohaamonn's General Store.
  3325 | D:4      | Bought a potion of might for 52 gold pieces
  3592 | D:4      | Found a runed translucent gate.
  3593 | D:4      | Found a runed translucent gate.
  3619 | D:4      | XOM: snakes to sticks
  3880 | D:4      | Found a shimmering altar of Xom.
  3881 | D:4      | Found a shimmering altar of Xom.
  3958 | D:4      | XOM: divination: detect items
  3968 | D:4      | XOM: enchant monster (bad)
  3980 | D:4      | Slain by an ogre

Levels and vault maps discovered:
D:1:      minmay_arrival_shattered_statue, layout_basic
D:2:      layout_rooms, chequers_ecumenical_altar_island, first_ration,
          minmay_misc_feat_alley, uniq_natasha
D:3:      layout_loops_ring, chequers_big_river, columned_hall_lemuel
D:4:      layout_rooms, serial_shops, shop, biasface_ghost_orc_armoury,
          hangedman_glass_teeth, xom_redecorated

Skill      XL: |  1  2  3  4  5  6 |
---------------+-------------------+-----
Dodging        | 1 2 |  2.5
Long Blades    | 3 4 |  4.6
Armour         | 2 3 |  3.0
Shields        | 1 2 |  2.0
Fighting       | 4 |  4.0

Action                   |  1- 3 |  4- 6 || total
-------------------------+-------+-------++-------
Melee: Falchion          |   142 |   273 ||   415
  Use: Scroll            |       |     5 ||     5
 Stab: Petrified         |       |     1 ||     1
       Paralysed         |       |     1 ||     1
  Eat: Chunk             |     2 |     8 ||    10
Armor: Leather armour    |    16 |       ||    16
       Chain mail        |    97 |   197 ||   294
Dodge: Dodged            |    39 |    43 ||    82
Block: Shield            |    35 |   118 ||   153
       Rpst.: Falchion   |     8 |     6 ||    14

Table legend:
 A = Non-vault XP
 B = Vault XP
 C = Vault XP percentage of total XP
 D = Non-vault monster count
 E = Vault monster count
 F = Vault count percentage of total count
                 A         B        C        D         E       F
            +---------+---------+-------+---------+---------+-------
      Total |     542 |      36 |   6.2 |      87 |       1 |   1.1
            +---------+---------+-------+---------+---------+-------
        D:1 |      56 |       0 |   0.0 |      24 |       0 |   0.0
        D:2 |      81 |      36 |  30.8 |      22 |       1 |   4.3
        D:3 |     213 |       0 |   0.0 |      29 |       0 |   0.0
        D:4 |     192 |       0 |   0.0 |      12 |       0 |   0.0
            +---------+---------+-------+---------+---------+-------
